 Dungeon Crawl Stone Soup version 0.29.1-1-gd02db6906a (webtiles) character file.

Game seed: 14012374962992074567

4064 H0rd4k the Martial Artist (level 10, 0/61 HPs)
             Began as an Octopode Transmuter on Oct 20, 2022.
             Was an Initiate of Gozag.
             Killed by divine providence
             ... invoked by an orc priest
              (10 damage)
             ... on level 9 of the Dungeon.
             The game lasted 00:13:54 (9479 turns).

H0rd4k the Martial Artist (Octopode Transmuter)     Turns: 9479, Time: 00:13:55

Health: 0/61       AC:  2    Str: 10    XL:     10   Next: 25%
Magic:  18/19      EV: 28    Int: 20    God:    Gozag
Gold:   20         SH:  0    Dex: 23    Spells: 8/21 levels left

rFire   . . .      SeeInvis .     - Unarmed
rCold   . . .      Faith    .   (shield currently unavailable)
rNeg    . . .      Spirit   .   (helmet currently unavailable)
rPois   x          Reflect  .   (no amulet)
rElec   .          Harm     .   p - +4 ring of evasion
rCorr   .          Rampage  .   n - +6 ring of dexterity
Will    .....                   (no ring)
Stlth   ++++......              (no ring)
HPRegen 0.20/turn               (no ring)
MPRegen 0.16/turn               (no ring)
                                (no ring)
                                (no ring)

@: spider-form, gold aura, studying Summonings
A: venomous fangs, almost no armour, (amphibious), 8 rings, tiny, (camouflage
1), (gelatinous body 1), (nimble swimmer 1), (tentacles)
a: End Transformation, Renounce Religion, Potion Petition, Call Merchant, Bribe
Branch


You were on level 9 of the Dungeon.
You worshipped Gozag.
Gozag was noncommittal.
You were a venomous arachnid creature.
You visited 2 branches of the dungeon, and saw 10 of its levels.
You also visited: Ossuary.

You collected 1271 gold pieces.
You spent 1200 gold pieces at shops.
You paid 51 gold pieces to Gozag.

Inventory:

Hand Weapons
 E - the +4 mace of Earthquakes {freeze, rElec}
   (You found it on level 8 of the Dungeon)

   It freezes those it strikes, dealing additional cold damage.
   It can also slow down cold-blooded creatures.
   rElec:     It insulates you from electricity.
Missiles
 k - 61 poisoned darts (quivered)
 x - 3 throwing nets
Magical Staves
 e - a staff of fire
 h - a staff of poison
Jewellery
 n - a +6 ring of dexterity (right front leg)
 p - a +4 ring of evasion (left front leg)
Wands
 r - a wand of digging (9)
 y - a wand of paralysis (4)
 D - a wand of polymorph (4)
Scrolls
 c - 6 scrolls of teleportation
 g - a scroll of fear {unknown}
 i - a scroll of blinking {unknown}
 j - 2 scrolls of poison {unknown}
 m - 5 scrolls of identify
 o - a scroll of vulnerability {unknown}
 s - 2 scrolls of enchant armour {unknown}
 v - 4 scrolls of noise {unknown}
 z - a scroll of immolation {unknown}
 A - a scroll of fog {unknown}
 B - a scroll of torment {unknown}
 F - a scroll of amnesia {unknown}
Potions
 a - 6 potions of lignification
 b - 6 potions of haste {unknown}
 d - 5 potions of flight {unknown}
 f - 2 potions of brilliance {unknown}
 l - 6 potions of curing {unknown}
 q - 4 potions of magic {unknown}
 t - 2 potions of degeneration {unknown}
 u - a potion of attraction {unknown}
 w - 2 potions of cancellation {unknown}
 C - a potion of mutation {unknown}


   Skills:
 + Level 2.6 Fighting
 + Level 0.5 Throwing
 + Level 4.9 Dodging
 + Level 5.6 Stealth
 + Level 9.2 Unarmed Combat
 * Level 6.0 Spellcasting
 * Level 2.2 Summonings
 + Level 3.4 Transmutations
 * Level 6.9 Poison Magic
 + Level 0.1 Evocations


You had 8 spell levels left.
You knew the following spells:

 Your Spells              Type           Power      Damage    Failure   Level
a - Beastly Appendage     Tmut           40%        N/A       10%         1
b - Spider Form           Tmut/Pois      27%        N/A       12%         3
c - Summon Guardian Gole  Hex/Summ       10%        N/A       41%         3
d - Summon Cactus Giant   Summ           7%         N/A       100%        6

Your spell library contained the following spells:

 Spells                   Type           Power      Damage    Failure   Level
 Wereblood                Tmut           20%        N/A       12%         2
 Blink                    Tloc           12%        N/A       34%         2
 Scorch                   Fire           12%        2d6       34%         2
 Ice Form                 Ice/Tmut       13%        N/A       67%         4
 Flame Wave               Conj/Fire      6%         2d5       87%         4
 Manifold Assault         Tloc           6%         N/A       99%         5
 Orb of Destruction       Conj           3%         9d5       100%        7
 Spellforged Servitor     Conj/Summ      5%         N/A       100%        7
 Storm Form               Tmut/Air       6%         N/A       100%        7


Dungeon Overview and Level Annotations

Branches:
Dungeon (9/15)             Temple (1/1) D:5             Orc (0/2) D:9
Ossuary (visited)
   Lair: D:8-11

Altars:
Cheibriados
Elyvilon
Fedhas
Gozag
Kikubaaqudgha
Makhleb
Okawaru
Qazlal
Ru
Sif Muna
Vehumet
Xom
Yredelemnul
Zin
The Shining One

Shops:
D:6 (   D:7 :

Annotations:
D:3 exclusion: 2 downstairs
D:4 Grinder
D:6 Maggie
D:7 exclusions: downstairs, ice beast and 2 upstairs
D:8 exclusions: 2 downstairs and 1 more exclusion


Innate Abilities, Weirdness & Mutations

You are a venomous arachnid creature.
You have poisonous fangs.
You are tiny and dextrous.
Your spellcasting is less reliable in this form.
Your armour is entirely melded.
You are incapable of wielding weapons or throwing items.
You cannot wear most types of armour.
((You are amphibious.))
You can wear up to eight rings at the same time.
((Your skin changes colour to match your surroundings (Stealth+).))
((Your rubbery body absorbs attacks. (AC +1, EV +1)))
((You are camouflaged when in or above water. (Stealth+)))
((You have tentacles for arms and can constrict up to eight enemies at once.))


Message History

You are poisoned.
The orc hits you with a +0 club.
An orc priest comes into view. It is wielding a +0 whip.
You hit the orc priest.
The orc priest is poisoned.
The orc priest is lightly wounded.
You feel very sick. The orc priest closely misses you.
You hit the orc priest.
The orc priest looks as sick as possible!
The orc priest is moderately wounded.
You feel sick. The orc priest completely misses you.
The orc hits you with a +0 club. The orc closely misses you.
You bite the orc priest!
The orc priest looks as sick as possible!
The orc priest is almost dead.
You feel sick.
You kill the orc priest!
The orc hits you with a +0 club.
The orc priest looks satisfied for a moment.
The orc completely misses you.
You hit the orc.
The orc is poisoned.
The orc is moderately wounded.
You feel sick. The orc completely misses you.
The orc warrior throws a boomerang.
The boomerang closely misses you. The orc misses you.
You feel sick. The orc completely misses you. The orc attacks as you move away!
The orc closely misses you.
You feel sick.
You feel sick.
You kill the orc!
The orc attacks as you move away! The orc completely misses you.
You feel sick.
You feel sick.
You feel sick.
You bite the orc!
You kill the orc!
You feel sick.
You are no longer poisoned.
The orc priest calls down the wrath of Beogh upon you.
Beogh smites you!
You die...
Your body crumbles into a pile of gold.

........ ....###..#
#.##......... ......
#####
##.###........####
...... #.##..####.###
...... #..#..# #.#
...... ##...#####.#
############
#..........#
.....?....#
#......#####
..[....#$.######......#
......$#.o##.o$s......#
..>.....$oo..##########
#)........####
o...[.....# ..........#
###########


You could see an orc warrior, an orc priest and an orc.

Vanquished Creatures
  A two-headed ogre (D:8)
  Pikel (D:7)
  A wyvern (D:7)
  An acid dragon (D:9)
  2 orc warriors (D:9)
  A black bear (D:8)
  A sky beast (D:6)
  A centaur (D:9)
  2 lemures (D:7)
  An elf zombie (Ossuary)
  7 kobold brigands
  A necrophage (D:8)
  A gnoll sergeant (D:9)
  4 scorpions
  4 wights
  6 killer bees (D:9)
  A howler monkey (D:8)
  4 centaur zombies (Ossuary)
  2 hounds
  2 human zombies (Ossuary)
  A jelly (D:8)
  4 orc priests
  A gnoll bouda (D:7)
  3 iguanas
  3 orc wizards
  2 mummies (Ossuary)
  12 gnolls
  3 adders
  A shadow imp (D:6)
  2 ufetubi
  2 dart slugs
  28 orcs
  8 ball pythons
  4 bats
  7 endoplasms
  A giant cockroach (D:1)
  6 goblins
  8 hobgoblins
  4 jackals (D:3)
  22 kobolds
  4 quokkas
  3 frilled lizards
  A goblin zombie (Ossuary)
  9 hobgoblin zombies (Ossuary)
  A jackal zombie (Ossuary)
  10 kobold zombies (Ossuary)
  7 orc zombies (Ossuary)
  4 rats
  2 rat zombies (Ossuary)
207 creatures vanquished.

Vanquished Creatures (others)
  10 toadstools (D:8)
10 creatures vanquished.

Grand Total: 217 creatures vanquished

Notes
Turn   | Place    | Note
-------+----------+-------------------------------------------
     0 | D:1      | H0rd4k the Octopode Transmuter began the quest for the Orb.
     0 | D:1      | Reached XP level 1. HP: 13/13 MP: 3/3
   189 | D:1      | Reached XP level 2. HP: 14/18 MP: 5/5
   873 | D:1      | Reached XP level 3. HP: 23/23 MP: 6/6
  1158 | D:1      | Found a faded altar of an unknown god.
  1953 | D:2      | Reached skill level 1 in Stealth
  2063 | D:2      | Learned a level 3 spell: Spider Form
  2230 | D:3      | Reached skill level 4 in Unarmed Combat
  2524 | D:3      | Reached XP level 4. HP: 28/28 MP: 7/7
  2556 | D:3      | Found a stormy altar of Qazlal.
  2558 | D:3      | Found a burning altar of Makhleb.
  2561 | D:3      | Found a white marble altar of Elyvilon.
  2721 | D:3      | Found a sacrificial altar of Ru.
  3080 | D:4      | Noticed an ogre
  3081 | D:4      | Noticed an ogre
  3249 | D:4      | Noticed a scorpion
  3258 | D:4      | Killed a scorpion
  3259 | D:4      | Reached skill level 1 in Poison Magic
  3259 | D:4      | Reached XP level 5. HP: 27/33 MP: 4/8
  3320 | D:4      | Noticed Grinder
  3341 | D:5      | Entered Level 5 of the Dungeon
  3406 | D:5      | Found an ancient bone altar of Kikubaaqudgha.
  3534 | D:5      | Found a staircase to the Ecumenical Temple.
  3558 | Temple   | Entered the Ecumenical Temple
  3588 | Temple   | Became a worshipper of Gozag Ym Sagoz the Greedy
  3670 | D:5      | Found a sand-covered staircase.
  3675 | Ossuary  | Entered an ossuary
  3918 | Ossuary  | Reached XP level 6. HP: 34/38 MP: 10/10
  3993 | Ossuary  | Reached skill level 5 in Unarmed Combat
  4254 | Ossuary  | Reached XP level 7. HP: 24/44 MP: 11/11
  5279 | D:6      | Found Huiwusia's Weapon Shoppe.
  5365 | D:6      | Reached XP level 8. HP: 48/50 MP: 9/14
  5444 | D:6      | Reached skill level 6 in Unarmed Combat
  5468 | D:6      | Noticed Maggie
  5847 | D:7      | Found Acziah's Self-Improvement Boutique.
  5952 | D:7      | Learned a level 3 spell: Summon Guardian Golem
  6042 | D:7      | Noticed Pikel
  6101 | D:7      | Noticed a wyvern
  6111 | D:7      | Killed a wyvern
  6561 | D:8      | Reached skill level 7 in Unarmed Combat
  6664 | D:8      | Noticed a two-headed ogre
  6730 | D:8      | Identified the +4 mace of Earthquakes {freeze, rElec}
  6774 | D:8      | Reached skill level 5 in Poison Magic
  6775 | D:8      | Reached XP level 9. HP: 52/54 MP: 13/16
  7105 | D:7      | Killed Pikel
  7106 | D:7      | Reached skill level 5 in Stealth
  7106 | D:7      | Reached skill level 5 in Spellcasting
  7298 | D:8      | Reached skill level 8 in Unarmed Combat
  7787 | D:8      | Learned a level 6 spell: Summon Cactus Giant
  8121 | D:8      | Killed a two-headed ogre
  8122 | D:8      | Reached skill level 1 in Summonings
  8236 | D:9      | Reached XP level 10. HP: 58/61 MP: 16/18
  8369 | D:9      | Reached skill level 9 in Unarmed Combat
  9401 | D:7      | Bought a manual of Summonings for 1200 gold pieces
  9458 | D:9      | Found a staircase to the Orcish Mines.
  9479 | D:9      | Killed from afar by an orc priest

Illustrated notes

Levels and vault maps discovered:
D:1:      heliophobic_arrival_dark_side_of_the_moon, layout_basic,
          shapermc_ecumenical_altar_venn
D:2:      layout_basic
D:3:      layout_loops_ring, minitemple, nicolae_ru_path_of_blood
D:4:      layout_loops_ring, nicolae_overflow_hidden_temple, serial_shops,
          nicolae_shop_waterfront, uniq_grinder, uniq_crazy_yiuf_cottage,
          uniq_ijyb
D:5:      layout_cave_pools, mainiacjoe_overflow_six_doors_small,
          minmay_temple_entry_nine_rooms, enter_ossuary_2, reono_crystal_passage
D:6:      layout_cave_pools, serial_shops, nicolae_shop_bloodbath_and_beyond,
          minmay_misc_feat_tower, uniq_maggie
D:7:      layout_basic, nicolae_shop_self_help, uniq_pikel
D:8:      cheibrodos_fertilizer, layout_basic
D:9:      layout_rooms, erik_orc_1
Temple:   nicolae_temple_superstar

Skill      XL: |  1  2  3  4  5  6  7  8  9 10 |
---------------+-------------------------------+-----
Stealth        | 1 2 3 4 5 |  5.6
Unarmed Combat | 4 5 7 8 9 |  9.2
Poison Magic   | 1 2 3 5 6 |  6.9
Spellcasting   | 3 4 5 6 |  6.0
Dodging        | 3 4 |  4.9
Fighting       | 2 |  2.6
Transmutations | 3 |  3.4
Summonings     | 1 2 |  2.2
Throwing       | |  0.5
Evocations     | |  0.1

Action                   |  1- 3 |  4- 6 |  7- 9 | 10-12 || total
-------------------------+-------+-------+-------+-------++-------
Melee: Unarmed           |    95 |   160 |   251 |    82 ||   588
       Tentacles         |    20 |    48 |    23 |     3 ||    94
       Constrict         |    23 |    36 |    22 |     3 ||    84
       Punch             |     3 |     4 |     2 |       ||     9
       Kick              |       |       |    15 |     2 ||    17
Throw: Dart              |       |       |     5 |       ||     5
 Cast: Spider Form       |       |     1 |    19 |     7 ||    27
       Beastly Appendage |       |       |     4 |     1 ||     5
Evoke: Wand              |       |       |     2 |       ||     2
  Use: Scroll            |       |       |     1 |       ||     1
 Stab: Sleeping          |    12 |     5 |     4 |     1 ||    22
       Distracted        |       |     1 |     1 |       ||     2
Armor: Skin              |     9 |    11 |     7 |     5 ||    32
Dodge: Dodged            |    49 |   128 |   248 |    87 ||   512
